 Dungeon Crawl Stone Soup version 0.30-a0-422-g946f4849ff (webtiles) character file.

Game seed: 15271766753987281702

1377 cforsyth the Cleaver (level 8, -4/75 HPs)
             Began as a Hill Orc Monk on Dec 8, 2022.
             Was a Believer of Beogh.
             Slain by Blork the orc
             ... wielding a +0 long sword
              (8 damage)
             ... on level 5 of the Dungeon.
             The game lasted 00:09:23 (3813 turns).

cforsyth the Cleaver (Hill Orc Monk)                Turns: 3813, Time: 00:09:23

Health: -4/75      AC: 13    Str: 16    XL:     8   Next: 66%
Magic:  10/11      EV:  7    Int: 10    God:    Beogh [**....]
Gold:   242        SH:  0    Dex: 13    Spells: 7/7 levels left

rFire   . . .      SeeInvis .    s - +6 scythe
rCold   . . .      Faith    .    (shield currently unavailable)
rNeg    . . .      Spirit   .    u - +0 chain mail
rPois   .          Reflect  .    (no helmet)
rElec   .          Harm     .    (no cloak)
rCorr   .          Rampage  .    (no gloves)
Will    .....                    (no boots)
Stlth   ..........               (no amulet)
HPRegen 0.32/turn                p - +4 ring of slaying
MPRegen 0.12/turn                i - +4 ring of protection

@: hasted, very quick
A: no striking features
a: Renounce Religion, Smiting


You were on level 5 of the Dungeon.
You worshipped Beogh.
Beogh was pleased with you.
You visited 1 branch of the dungeon, and saw 5 of its levels.

You collected 242 gold pieces.

Inventory:

Hand Weapons
 a - a +0 hand axe
 s - a +6 scythe (weapon)
Armour
 j - a +1 hat
 q - a +0 ring mail
 u - a +0 chain mail (worn)
Jewellery
 d - a +6 ring of intelligence
 f - a ring of protection from cold
 i - a +4 ring of protection (right hand)
 o - a ring of resist corrosion
 p - a +4 ring of slaying (left hand)
 t - an amulet of faith
Wands
 b - a wand of roots (9)
Scrolls
 e - 2 scrolls of teleportation
 h - a scroll of butterflies
 l - 2 scrolls of summoning
 n - a scroll of magic mapping
Potions
 c - a potion of ambrosia
 g - a potion of might
 k - a potion of brilliance
 m - a potion of haste
 r - a potion of heal wounds {unknown}
 v - a potion of lignification {unknown}


   Skills:
 + Level 8.5 Fighting
 + Level 9.3 Axes
 + Level 3.5 Armour
 - Level 2.4 Dodging
 - Level 1.5 Stealth
 + Level 4.2 Invocations


You had 7 spell levels left.
You didn't know any spells.
Your spell library contained the following spells:

 Spells                   Type           Power      Damage    Failure   Level
 Blink                    Tloc           0%         N/A       100%        2
 Dazzling Flash           Conj/Hex       0%         N/A       100%        3
 Iskenderun's Mystic Bla  Conj/Tloc      0%         2d3       100%        4
 Manifold Assault         Tloc           0%         N/A       100%        4
 Dispersal                Tloc           0%         N/A       100%        6
 Starburst                Conj/Fire      0%         6d3       100%        6
 Storm Form               Tmut/Air       0%         N/A       100%        7
 Disjunction              Tloc           0%         N/A       100%        8


Dungeon Overview and Level Annotations

Branches:
Dungeon (5/15)             Temple (0/1) D:4

Altars:
Yredelemnul

Shops:
D:1 *

Annotations:
D:5 Blork the orc


Message History

Blork the orc hits you but does no damage.
Unknown command.
You slash the yak!
The yak is severely wounded.
Blork the orc hits you with a +0 long sword.
The yak gores you.
You closely miss the yak.
The yak is severely wounded.
Blork the orc barely misses you. The yak gores you!
Blork the orc hits you with a +0 long sword!
* * * LOW HITPOINT WARNING * * *
The yak gores you but does no damage.
You slash the yak!
You kill the yak!
Beogh accepts your kill.
Blork the orc hits you with a +0 long sword.
* * * LOW HITPOINT WARNING * * *
Blork the orc barely misses you.
Your Invocations skill increases to level 4!
You hit the yak.
The yak is severely wounded.
Blork the orc barely misses you.
Blork the orc hits you but does no damage.
The yak gores you but does no damage.
Unknown command.
Unknown command.
Unknown command.
You slash the yak!
The yak is almost dead.
Blork the orc points at you and mumbles some strange words.
The puff of frost hits you.
* * * LOW HITPOINT WARNING * * *
The yak gores you.
* * * LOW HITPOINT WARNING * * *
Blork the orc barely misses you.
Unknown command.
You feel yourself speed up.
Blork the orc hits you with a +0 long sword!
You die...
Beogh appreciates Blork the orc's killing of a heretic priest.

.......####..#....#.....#
....##..##......###......
#...#.......##..........#
#...........##.....)....#
............#.#........#
..#.........#..#.......#
......††....#...#..#####
............##...###
........##..##..@#
#........#.>#..o#Y..#
#........#..#..# Y.#(#
...........##.# ...#
[..........### .....
..........## ######
##.........#####
#..............#
##........######


You could see 2 yaks and Blork the orc (fast).

Vanquished Creatures
  Sigmund (D:2)
  4 yaks (D:5)
  Menkaure (D:5)
  An ice beast (D:5)
  A centaur (D:4)
  The ghost of pokeman the Magician, an amateur DEHW (D:3)
  A howler monkey (D:4)
  A hound (D:4)
  2 jellies
  An orc priest (D:4)
  An iguana (D:4)
  A gnoll (D:1)
  4 adders
  An adder zombie (D:3)
  3 dart slugs
  3 orcs (D:4)
  8 endoplasms
  3 giant cockroaches
  5 hobgoblins
  4 jackals (D:3)
  2 quokkas
  7 ball pythons
  A ball python zombie (D:3)
  4 bats
  3 frilled lizards
  4 goblins
  6 kobolds
  7 rats
81 creatures vanquished.

Vanquished Creatures (others)
  An orc wizard (D:4)
  An orc (D:4)
  A rat (D:1)
3 creatures vanquished.

Grand Total: 84 creatures vanquished

Notes
Turn   | Place    | Note
-------+----------+-------------------------------------------
     0 | D:1      | cforsyth the Hill Orc Monk began the quest for the Orb.
     0 | D:1      | Reached XP level 1. HP: 19/19 MP: 1/1
    41 | D:1      | Reached XP level 2. HP: 9/27 MP: 2/2
   412 | D:1      | Found Ganec's Assorted Antiques.
   428 | D:1      | Reached XP level 3. HP: 24/34 MP: 3/3
   595 | D:1      | Reached skill level 5 in Axes
   802 | D:2      | Noticed Sigmund
  1902 | D:3      | Found a runed translucent gate.
  1902 | D:3      | Found a runed translucent gate.
  1902 | D:3      | Found a runed translucent gate.
  1902 | D:3      | Noticed pokeman's ghost (amateur DEHW)
  1904 | D:3      | Found a basalt altar of Yredelemnul.
  1912 | D:3      | Reached XP level 4. HP: 36/41 MP: 4/4
  2360 | D:4      | Noticed a centaur
  2371 | D:4      | Killed a centaur
  2372 | D:4      | Reached skill level 5 in Fighting
  2372 | D:4      | Reached skill level 6 in Axes
  2372 | D:4      | Reached XP level 5. HP: 40/48 MP: 5/5
  2462 | D:4      | Identified the +8 quarterstaff of Myammym {spect, *Corrode
                  | rN+ Dex+3}
  2565 | D:4      | Reached XP level 6. HP: 36/57 MP: 6/6
  2574 | D:4      | Reached skill level 7 in Axes
  2725 | D:4      | Found a staircase to the Ecumenical Temple.
  2765 | D:4      | Noticed an orc warrior
  2806 | D:4      | Became a worshipper of Beogh the Brigand
  2806 | D:4      | Reached * piety under Beogh
  2806 | D:4      | Reached ** piety under Beogh
  3400 | D:2      | Killed Sigmund
  3401 | D:2      | Reached XP level 7. HP: 60/66 MP: 7/7
  3479 | D:3      | Killed pokeman's ghost
  3480 | D:3      | Reached skill level 8 in Axes
  3553 | D:5      | Entered Level 5 of the Dungeon
  3554 | D:5      | Noticed Menkaure
  3563 | D:5      | Killed Menkaure
  3564 | D:5      | Reached skill level 1 in Armour
  3564 | D:5      | Reached skill level 1 in Invocations
  3789 | D:5      | Noticed Blork the orc
  3789 | D:5      | Noticed a yak
  3789 | D:5      | Noticed a yak
  3789 | D:5      | Noticed a yak
  3790 | D:5      | Noticed a yak
  3791 | D:5      | Noticed a yak
  3792 | D:5      | Noticed a yak
  3795 | D:5      | Killed a yak
  3796 | D:5      | Reached XP level 8. HP: 70/74 MP: 8/10
  3801 | D:5      | Killed a yak
  3804 | D:5      | Killed a yak
  3805 | D:5      | Reached skill level 9 in Axes
  3810 | D:5      | Killed a yak
  3813 | D:5      | Slain by Blork the orc

Illustrated notes

Levels and vault maps discovered:
D:1:      elethiomel_arrival_shortcut, layout_rooms, serial_shops, shop,
          kennysheep_crisscross, amcnicky_mini_corridor_feature
D:2:      layout_basic, grunt_decor_junction, uniq_sigmund
D:3:      layout_loops_cross, nicolae_yredelemnul_ghost_church
D:4:      layout_basic, minmay_temple_entry_waves, hex_medium,
          hangedman_feature_mirror, guppyfry_early_orc_mine
D:5:      layout_cave_pools, hangedman_decor_slide_cut, uniq_menkaure,
          uniq_blork_the_orc

Skill      XL: |  1  2  3  4  5  6  7  8 |
---------------+-------------------------+-----
Fighting       | 4 5 6 7 8 |  8.5
Axes           | 5 6 7 8 9 |  9.3
Armour         | 2 3 |  3.5
Invocations    | 2 4 |  4.2
Dodging        | |  2.4
Stealth        | |  1.5

Action                   |  1- 3 |  4- 6 |  7- 9 || total
-------------------------+-------+-------+-------++-------
Melee: Hand axe          |   121 |    70 |       ||   191
       Punch             |     1 |     2 |       ||     3
       Halberd           |       |       |    36 ||    36
Invok: Convert to Beogh  |       |     1 |       ||     1
  Use: Scroll            |       |     7 |     2 ||     9
       Potion            |       |       |     1 ||     1
 Stab: Sleeping          |     4 |       |       ||     4
Armor: Robe              |    24 |       |       ||    24
       Ring mail         |     4 |    44 |       ||    48
       Chain mail        |       |       |    25 ||    25
Dodge: Dodged            |    81 |    44 |    17 ||   142

Table legend: (Time is in decaauts)
 A = Elapsed time spent in this place.
 B = Non-inter-level travel time spent in this place.
 C = Inter-level travel time spent in this place.
 D = Time resting spent in this place.
 E = Time spent auto-exploring this place.
 F = Levels seen in this place.
 G = Mean time per level.
                   A        B        C        D        E       F      G
               +--------+--------+--------+--------+--------+-----+--------+
         Total |   3827 |   3662 |    165 |    317 |   2623 |   5 |  765.4 |
       Dungeon |   3827 |   3662 |    165 |    317 |   2623 |   5 |  765.4 |
               +--------+--------+--------+--------+--------+-----+--------+

Top non-repeatable levels by time:
     D:4: 966 daAuts
     D:3: 933 daAuts
     D:2: 874 daAuts
     D:1: 783 daAuts
     D:5: 269 daAuts
